 Dungeon Sprint DCSS version 0.20-a0-1034-gb277f92 (webtiles) character file.

1035 galech the Nimble (level 8, -1/88 HPs)
             Began as a Troll Monk on Apr 21, 2017.
             Slain by a demonic crawler (3 damage)
             ... in the Dungeon (Sprint I: "Red Sonja").
             The game lasted 00:01:29 (434 turns).

galech the Nimble (Troll Monk)                       Turns: 434, Time: 00:01:30

Health: -1/88      AC:  5    Str: 22    XL:     8   Next: 3%
Magic:  7/7        EV: 14    Int:  6    God:
Gold:   270        SH:  0    Dex: 12    Spells: 7/7 levels left

rFire    . . .     SeeInvis .     - Unarmed
rCold    . . .     Gourm    +   (no shield)
rNeg     . . .     Faith    .   a - +0 robe
rPois    .         Spirit   .   (helmet restricted)
rElec    .         Reflect  .   (no cloak)
rCorr    .         Harm     .   (gloves unavailable)
MR       .....     NoTele   +   (boots unavailable)
Stlth    +++.......             (no amulet)
Regen    0.7/turn               (no ring)
MPRegen  0.1/turn               (no ring)

@: no status effects
A: unfitting armour, claws 3, fast metabolism 3, gourmand, regeneration 1,
shaggy fur 1, tough skin 2
a: no special abilities


You were in the Dungeon.
You were not hungry.

You visited 1 branch You collected 270 gold pieces.

Inventory:

Armour
 a - a +0 robe (worn)
Scrolls
 h - a scroll of blinking
Potions
 c - a potion of curing
 d - a potion of heal wounds
 e - a potion of haste
 f - 2 potions of magic
 g - a potion of berserk rage
 j - a potion of flight {unknown}
Comestibles
 b - 2 bread rations


   Skills:
 + Level 8.2 Fighting
 + Level 9.5 Dodging
 + Level 5.6 Stealth
 + Level 7.4 Unarmed Combat


You had 7 spell levels left.
You didn't know any spells.

Dungeon Overview and Level Annotations

Branches:
Dungeon (1/1)

Altars:
Makhleb
Xom
Jiyva
Lugonu


Innate Abilities, Weirdness & Mutations

You are too large for most types of armour.
You have claws for hands.
Your metabolism is lightning-fast.
You like to eat raw meat.
Your natural rate of healing is unusually fast.
You are covered in fur. (AC +1)
You have very tough skin. (AC +2)


Message History

You are too injured to fight recklessly!
You are too injured to fight recklessly!
You are too injured to fight recklessly!
You are too injured to fight recklessly!
You are too injured to fight recklessly!
The demonic crawler hits you. The demonic crawler hits you!
* * * LOW HITPOINT WARNING * * *
The demonic crawler hits you.
* * * LOW HITPOINT WARNING * * *
The demonic crawler hits you!
* * * LOW HITPOINT WARNING * * *
The demonic crawler hits you.
* * * LOW HITPOINT WARNING * * *
The demonic crawler hits you!
* * * LOW HITPOINT WARNING * * *
There is an open door, spattered with blood here.
Sorry, you're not good enough to have a special ability.
The demonic crawler hits you but does no damage.
The demonic crawler closely misses you. The demonic crawler hits you.
You die...

##########################
#<.#..').#.)'..#__#..'...#
#..'[.#..'..#..)@.sss#...##+#
#..#####'#####+#_s####...'..#
#..# #..# #### #####..+ #..#
#### +## #..# #⌠⌠# ####


You could see 4 demonic crawlers.

Vanquished Creatures
  2 kobold demonologists (D)
  A slime creature (D)
  Sigmund (D)
  A floating eye (D)
  An ogre (D)
  Ijyb (D)
7 creatures vanquished.

Notes
Turn   | Place    | Note
-------+----------+-------------------------------------------
     0 | D        | galech the Troll Monk began the quest for the Orb.
     0 | D        | Reached XP level 1. HP: 23/23 MP: 0/0
     1 | D        | Noticed Ijyb
    30 | D        | Killed Ijyb
    30 | D        | Reached skill level 4 in Dodging
    30 | D        | Reached skill level 1 in Unarmed Combat
    30 | D        | Reached XP level 2. HP: 32/32 MP: 1/1
    35 | D        | Noticed an ogre
    40 | D        | Killed an ogre
    40 | D        | Reached skill level 5 in Fighting
    40 | D        | Reached skill level 5 in Dodging
    40 | D        | Reached XP level 3. HP: 42/42 MP: 2/2
    40 | D        | Reached XP level 4. HP: 50/50 MP: 3/3
    44 | D        | Noticed Sigmund
    59 | D        | Killed Sigmund
    59 | D        | Reached skill level 7 in Dodging
    59 | D        | Reached XP level 5. HP: 11/61 MP: 4/4
   169 | D        | Found a burning altar of Makhleb.
   169 | D        | Found a viscous altar of Jiyva.
   169 | D        | Found a shimmering altar of Xom.
   169 | D        | Found a corrupted altar of Lugonu.
   169 | D        | Noticed a slime creature
   179 | D        | Killed a slime creature
   179 | D        | Reached skill level 8 in Dodging
   179 | D        | Reached skill level 5 in Stealth
   179 | D        | Reached XP level 6. HP: 46/71 MP: 5/5
   229 | D        | Noticed a kobold demonologist
   230 | D        | Noticed a floating eye
   230 | D        | Noticed a kobold demonologist
   233 | D        | Killed a floating eye
   233 | D        | Reached skill level 5 in Unarmed Combat
   233 | D        | Reached XP level 7. HP: 78/78 MP: 6/6
   236 | D        | Noticed a neqoxec
   248 | D        | Noticed a ynoxinul
   251 | D        | Killed a kobold demonologist
   251 | D        | Reached skill level 9 in Dodging
   253 | D        | Noticed a rust devil
   265 | D        | Noticed a rust devil
   297 | D        | Killed a kobold demonologist
   297 | D        | Reached XP level 8. HP: 16/88 MP: 7/7
   421 | D        | Noticed a demonic crawler
   421 | D        | Noticed a demonic crawler
   421 | D        | Noticed a demonic crawler
   421 | D        | Noticed a demonic crawler
   432 | D        | HP: 1/88 [demonic crawler (9)]
   434 | D        | Slain by a demonic crawler

Vault maps used:
D:        dungeon_sprint_1

Skill      XL: |  1  2  3  4  5  6  7 |
---------------+----------------------+-----
Fighting       | 4 5 6 7 8 |  8.2
Dodging        | 4 5 7 8 9 |  9.5
Unarmed Combat | 1 2 3 4 5 7 |  7.4
Stealth        | 3 4 5 |  5.6

Action                   |  1- 3 |  4- 6 |  7- 9 || total
-------------------------+-------+-------+-------++-------
Melee: Unarmed           |    32 |    20 |    60 ||   112
       Punch             |     1 |       |     7 ||     8
 Stab: Sleeping          |       |     1 |       ||     1
  Eat: Chunk             |       |     4 |       ||     4
Armor: Robe              |    15 |     1 |    15 ||    31
Dodge: Dodged            |    13 |     4 |    38 ||    55
